 Dungeon Crawl Stone Soup version 0.22-a0-605-g9281fa2 (webtiles) character file.

92 Gospel the Firebug (level 4, -2/24 HPs)
             Began as a Gargoyle Fire Elementalist on July 8, 2018.
             Slain by an adder (3 damage)
             ... on level 3 of the Dungeon.
             The game lasted 00:03:47 (2066 turns).

Gospel the Firebug (Gargoyle Fire Elementalist)     Turns: 2066, Time: 00:03:48

Health: -2/24      AC:  6    Str: 12    XL:     4   Next: 60%
Magic:  3/8        EV: 12    Int: 16    God:
Gold:   91         SH:  0    Dex: 10    Spells: 3/9 levels left

rFire    . . .     SeeInvis .   (no weapon)
rCold    . . .     Gourm    .   (no shield)
rNeg     + . .     Faith    .   a - +1 robe
rPois    ∞         Spirit   .   (no helmet)
rElec    +         Reflect  .   (no cloak)
rCorr    .         Harm     .   (no gloves)
MR       .....                  (no boots)
Stlth    ++........             (no amulet)
HPRegen  0.08/turn              (no ring)
MPRegen  0.11/turn              (no ring)

@: no status effects
A: negative energy resistance 1, electricity resistance, unbreathing,
petrification resistance, rot immunity, AC +3
a: no special abilities


You were on level 3 of the Dungeon.
You were not hungry.

You visited 1 branch of the dungeon, and saw 3 of its levels.

You collected 91 gold pieces.

Inventory:

Armour
 a - a +1 robe (worn)
Jewellery
 b - an uncursed ring of teleportation
 g - an uncursed ring of ice
Wands
 d - a wand of digging (7)
Scrolls
 e - a scroll of noise
 o - a scroll of teleportation
Potions
 f - a potion of degeneration {unknown}
 h - a potion of mutation {unknown}
 i - a potion of lignification {unknown}
 j - 2 potions of curing {unknown}
 k - a potion of resistance {unknown}
 n - a potion of brilliance {unknown}
Comestibles
 c - 5 rations


   Skills:
 - Level 1.5 Dodging
 - Level 2.1 Stealth
 + Level 3.0 Spellcasting
 + Level 2.8 Conjurations
 + Level 3.8 Fire Magic


You had 3 spell levels left.
You knew the following spells:

 Your Spells              Type           Power        Failure   Level  Hunger
a - Flame Tongue          Conj/Fire      ##...        4%          1    #......
b - Throw Flame           Conj/Fire      ##....       7%          2    ##.....
c - Conjure Flame         Conj/Fire      ##......     14%         3    ###....

Your spell library contained the following spells:

 Spells                   Type           Power        Failure   Level  Hunger
 Fireball                 Conj/Fire      ##........   78%         5    ######.
 Sticky Flame             Conj/Fire      ##......     43%         4    #####..
 Inner Flame              Hex/Fire       #.......     26%         3    ###....


Dungeon Overview and Level Annotations

Branches:
Dungeon (3/15)

Altars:
Fedhas

Annotations:
D:2 Sigmund


Innate Abilities, Weirdness & Mutations

You are resistant to torment.
Your stone body is resilient. (AC +3)
You are immune to poison.
You resist negative energy. (rN+)
You are resistant to electric shocks. (rElec)
You can survive without breathing.
You are immune to petrification.
You are immune to rotting.


Message History

Confirm with . or Enter, or press ? or * to list all spells.
Aiming: Flame Tongue (safe; 4% risk of failure)
Press: ? - help, Shift-Dir - straight line, f - hobgoblin
Aim: a hobgoblin The flame tongue hits the hobgoblin.
You kill the hobgoblin!
Your Spellcasting skill increases to level 3!
The adder bites you but does no damage. The rat bites you but does no damage.
As you read the scroll labeled QENGIAJEASO, it crumbles to dust.
You feel aware of your surroundings.
You sensed 3 altars.
It was a scroll of magic mapping.
The adder barely misses you. The rat closely misses you. The adder misses you.
As you read the scroll labeled ORESUZY CUTYG, it crumbles to dust.
It is a scroll of enchant armour.
Your +0 robe glows green for a moment.
The rat bites you.
* * * LOW HITPOINT WARNING * * *
The adder closely misses you.
Unknown command.
The adder bites you.
You die...

*,,,,,,,,,,,,,,,,***,*,***,,
******,,,,.#..,,..##....,,*,**,,,
*,,,,,,,,,,...,,.......#***,*,,,,
,,**,,,,,,,,..###.$....#***,,,,,,
**,,,,,**####.$.<...#.##*,,,*,*,,
,,,,*****.......#.#......,,,,,*,,
,,,** ***.......#........,,,,**,,
,******,,.......#†r#.....,,,,,,,,
,,,,,,,,,.......@<†......,,>,,,,,
*,****,,,.......#S......=,,,,,***
*,,,**,**.......#...#####****,,,,
,,,,,,,**.......#...# *,,,,
,**,,,,,,..##......##***** *,,,,
,*,,*****#**..###.##*,,,,****,,,,
,,,,*******#.#* #.# *,,,,,,,,,,,,
,**,,,,,,,,..,* #.# *,,,,,,,,,,,*
,*****,,,,,,,,* *,* *,,,,******,*


You could see an adder and a rat.

Vanquished Creatures
  Jessica (D:2)
  A worker ant (D:3)
  2 worms (D:2)
  A leopard gecko (D:3)
  3 bats (D:1)
  4 giant cockroaches
  A goblin (D:2)
  9 hobgoblins
  A quokka (D:2)
  A ball python (D:1)
  A frilled lizard (D:2)
  2 kobolds
  8 rats
35 creatures vanquished.

Notes
Turn   | Place    | Note
-------+----------+-------------------------------------------
     0 | D:1      | Gospel the Gargoyle Fire Elementalist began the quest for the Orb.
     0 | D:1      | Reached XP level 1. HP: 10/10 MP: 3/3
   408 | D:1      | Reached XP level 2. HP: 9/15 MP: 0/5
  1274 | D:2      | Found a blossoming altar of Fedhas.
  1322 | D:2      | Reached XP level 3. HP: 17/19 MP: 0/6
  1422 | D:2      | Noticed Sigmund
  1531 | D:2      | Learned a level 2 spell: Throw Flame
  1535 | D:2      | Learned a level 3 spell: Conjure Flame
  1794 | D:2      | Noticed Jessica
  1802 | D:2      | Killed Jessica
  1802 | D:2      | Reached XP level 4. HP: 23/24 MP: 3/8
  2065 | D:3      | HP: 1/24 [rat (1)]
  2066 | D:3      | Slain by an adder

Vault maps used:
D:1:      tarquinn_simple_flora_water_e, serial_forest,
          infiniplex_forest_straight_2, infiniplex_forest_side_room,
          infiniplex_forest_lined_2, infiniplex_forest_clump_tiny,
          infiniplex_forest_clump_long, infiniplex_forest_clump_double,
          infiniplex_forest_end_double
D:2:      old_standard_altar, tso_oasis_becter, first_ration,
          uniq_crazy_yiuf_cottage, uniq_sigmund, uniq_jessica
D:3:      nicolae_overflow_crystal_walls, lemuel_doored_altar,
          trog_butcher_becter

Skill      XL: |  1  2  3  4 |
---------------+-------------+-----
Conjurations   | 2 |  2.8
Spellcasting   | 3 |  3.0
Dodging        | |  1.5
Stealth        | |  2.1
Fire Magic     | |  3.8

Action                   |  1- 3 |  4- 6 || total
-------------------------+-------+-------++-------
Melee: Unarmed           |    53 |     5 ||    58
 Cast: Flame Tongue      |    50 |    15 ||    65
  Use: Scroll            |     5 |     2 ||     7
  Eat: Chunk             |     3 |     1 ||     4
Armor: Robe              |    15 |    14 ||    29
Dodge: Dodged            |    22 |    28 ||    50

Table legend:
 A = Spawn XP
 B = Non-spawn XP
 C = Spawn XP percentage of total XP
 D = Spawn monster count
 E = Non-spawn monster count
 F = Spawn count percentage of total count
 G = Total turns spent on level
                    A         B        C        D         E        F      G
               +---------+---------+-------+---------+---------+-------+---------
         Total |       0 |     132 |   0.0 |       0 |      35 |   0.0 |  2066
               +---------+---------+-------+---------+---------+-------+---------
           D:1 |       0 |      24 |   0.0 |       0 |      14 |   0.0 |  1167
           D:2 |       0 |      66 |   0.0 |       0 |      16 |   0.0 |   880
           D:3 |       0 |      42 |   0.0 |       0 |       5 |   0.0 |    19
               +---------+---------+-------+---------+---------+-------+---------
